 Dungeon Crawl Stone Soup version 0.21-a0-440-g28109cb (webtiles) character file.

133 Kikal the Ruffian (level 4, -5/35 HPs)
             Began as a Mummy Monk on Nov 11, 2017.
             Was an Initiate of Ru.
             Slain by a centaur skeleton (7 damage)
             ... on level 4 of the Dungeon.
             The game lasted 00:10:09 (2655 turns).

Kikal the Ruffian (Mummy Monk)                      Turns: 2655, Time: 00:10:10

Health: -5/35      AC:  4    Str: 15    XL:     4   Next: 94%
Magic:  4/4        EV: 12    Int:  9    God:    Ru [......]
Gold:   156        SH:  0    Dex: 14    Spells: 3/3 levels left

rFire    x . .     SeeInvis .     - Unarmed
rCold    + . .     Gourm    .   (no shield)
rNeg     + + +     Faith    .   l - +0 leather armour
rPois    ∞         Spirit   .   n - +0 helmet
rElec    .         Reflect  .   (no cloak)
rCorr    .         Harm     .   (no gloves)
MR       .....                  (no boots)
Stlth    ++........             (no amulet)
HPRegen  0.11/turn              (no ring)
MPRegen  0.09/turn              (no ring)

@: no status effects
A: no food or potions, fire vulnerability, cold resistance 1, negative energy
resistance 3, torment resistance, unbreathing
a: Renounce Religion


You were on level 4 of the Dungeon.
You worshipped Ru.
Ru was noncommittal.
You were not hungry.

You visited 1 branch of the dungeon, and saw 4 of its levels.

You collected 156 gold pieces.

Inventory:

Hand Weapons
 d - a +1 dagger of venom
 r - a +0 hunting sling of flaming
Missiles
 b - 74 poisoned needles
 c - 130 stones (quivered)
Armour
 e - a +0 scale mail
 k - a +1 ring mail of magic resistance
 l - a +0 leather armour (worn)
 n - a +0 helmet (worn)
 q - a +0 shield
Jewellery
 g - an uncursed ring of magical power {unknown}
Wands
 o - a wand of random effects (35/48)
Scrolls
 a - 2 scrolls of amnesia {unknown}
 f - a scroll of recharging {unknown}
 h - 2 scrolls of enchant armour {unknown}
 i - 2 scrolls of remove curse {unknown}
 j - a scroll of identify {unknown}
 m - 2 scrolls of noise {unknown}
 p - a scroll of magic mapping {unknown}


   Skills:
 - Level 3.0 Fighting
 - Level 2.4 Dodging
 - Level 1.5 Stealth
 + Level 4.7 Unarmed Combat


You had 3 spell levels left.
You didn't know any spells.

Dungeon Overview and Level Annotations

Branches:
Dungeon (4/15)
 Temple: D:4-7

Altars:
Ru

Annotations:
D:3 badderer's ghost, amateur MiFi


Innate Abilities, Weirdness & Mutations

You do not eat or drink.
Your flesh is vulnerable to fire.
You are immune to poison.
Your flesh is cold resistant. (rC+)
You are immune to negative energy. (rN+++)
You are immune to unholy pain and torment.
You can survive without breathing.


Message History

You take 9 damage, and have 9/35 hp.
MASSIVE DAMAGE!!
You can't drink.
You hit the wyvern skeleton.
You destroy the wyvern skeleton!
The leopard gecko closely misses you.
You hit the centaur skeleton.
The centaur skeleton is lightly damaged.
The centaur skeleton barely misses you.
The leopard gecko bites you but does no damage.
You hit the centaur skeleton.
The centaur skeleton is moderately damaged.
The centaur skeleton hits you.
* * * LOW HITPOINT WARNING * * *
The leopard gecko bites you.
* * * LOW HITPOINT WARNING * * *
The centaur skeleton hits you.
* * * LOW HITPOINT WARNING * * *
You take 7 damage, and have 2/35 hp.
The centaur skeleton hits you!
You die...

.. ...> ... #.# ...#
.... .. ...###
(...##.###.#....
...............<.
......%...........
..............#
...........##########
.........(..Z@......#
...........l......###
...............##...#
#............# #.#
..#............# .
#.............#
#.#...........# #
#....>........
#....<......##


You could see a leopard gecko and a centaur skeleton.

Vanquished Creatures
  A wyvern skeleton (D:4)
  3 adders (D:2)
  An ooze (D:1)
  3 dart slugs
  5 leopard geckos
  An orc (D:3)
  2 giant cockroaches
  3 goblins
  5 hobgoblins
  A quokka (D:2)
  4 bats
  A frilled lizard (D:2)
  2 kobolds
  8 rats
40 creatures vanquished.

Notes
Turn   | Place    | Note
-------+----------+-------------------------------------------
     0 | D:1      | Kikal the Mummy Monk began the quest for the Orb.
     0 | D:1      | Reached XP level 1. HP: 18/18 MP: 1/1
   529 | D:1      | Reached skill level 3 in Unarmed Combat
   529 | D:1      | Reached XP level 2. HP: 22/24 MP: 2/2
  1316 | D:2      | Found a sacrificial altar of Ru.
  1326 | D:2      | Reached XP level 3. HP: 23/29 MP: 3/3
  1395 | D:2      | Became a worshipper of Ru the Awakened
  1758 | D:2      | Reached skill level 4 in Unarmed Combat
  1758 | D:2      | Reached XP level 4. HP: 23/35 MP: 4/4
  2535 | D:3      | Noticed badderer's ghost (amateur MiFi)
  2655 | D:4      | Slain by a centaur skeleton

Vault maps used:
D:1:      dpeg_arrival_boxes_within_box
D:2:      hangedman_ru_absence
D:4:      first_bread

Skill      XL: |  1  2  3 |
---------------+----------+-----
Unarmed Combat | 3 4 |  4.7
Fighting       | |  3.0
Dodging        | |  2.4
Stealth        | |  1.5

Action                   |  1- 3 |  4- 6 || total
-------------------------+-------+-------++-------
Melee: Unarmed           |   125 |    47 ||   172
       Punch             |     1 |       ||     1
Throw: Stone             |     1 |     1 ||     2
Invok: Reject Sacrifices |     1 |       ||     1
 Stab: Sleeping          |     1 |       ||     1
Armor: Robe              |     7 |       ||     7
       Leather armour    |    19 |    10 ||    29
Dodge: Dodged            |    75 |    31 ||   106

Table legend:
 A = Spawn XP
 B = Non-spawn XP
 C = Spawn XP percentage of total XP
 D = Spawn monster count
 E = Non-spawn monster count
 F = Spawn count percentage of total count
 G = Total turns spent on level
                    A         B        C        D         E        F      G
               +---------+---------+-------+---------+---------+-------+---------
         Total |       0 |     191 |   0.0 |       0 |      40 |   0.0 |  2655
               +---------+---------+-------+---------+---------+-------+---------
           D:1 |       0 |      32 |   0.0 |       0 |      13 |   0.0 |  1136
           D:2 |       0 |      70 |   0.0 |       0 |      19 |   0.0 |   958
           D:3 |       0 |      12 |   0.0 |       0 |       6 |   0.0 |   530
           D:4 |       0 |      77 |   0.0 |       0 |       2 |   0.0 |    31
               +---------+---------+-------+---------+---------+-------+---------
